 Dungeon Crawl Stone Soup version 0.31.0-12-g77e489cdc1 (webtiles) character file.

Game seed: 12923762906601228873

296 lordive the Ruffian (level 6, 0/55 HPs)
             Began as a Troll Shapeshifter on Feb 29, 2024.
             Hit by a boomerang thrown by an orc (5 damage)
             ... on level 4 of the Dungeon.
             The game lasted 00:03:47 (1348 turns).

lordive the Ruffian (Troll Shapeshifter)            Turns: 1348, Time: 00:03:47

Health: 0/55       AC:  8    Str: 23    XL:     6   Next: 12%
Magic:  5/5        EV: 10    Int:  6    God:
Gold:   56         SH:  0    Dex: 11    Spells: 5/5 levels left

rFire   . .          .
                       - Unarmed
rCold   + . .        (no shield)
rNeg    . . .        a - +0 animal skin
rPois   .            (helmet currently unavailable)
rElec   .            r - melded +0 cloak
rCorr   .            (gloves unavailable)
SInv    .            (boots unavailable)
Will    .....        (no amulet)
Stlth   +            g - ring of protection from cold
HPRegen 1.09/turn    q - +4 ring of protection
MPRegen 0.09/turn

%: no passive effects
@: beast-form
A: beast (slay +2), large, unfitting armour, claws 3, regeneration 1, shaggy fur
1, tough skin 1
a: Begin Untransformation


You were on level 4 of the Dungeon.
You were a hulking beast.
You visited 1 branch of the dungeon, and saw 4 of its levels.

You collected 56 gold pieces.

Inventory:

Armour
 a - a +0 animal skin (worn)
 r - a +0 cloak (melded)
Jewellery
 g - a ring of protection from cold (left claw)
 i - a ring of magical power
 k - a ring of willpower
 q - a +4 ring of protection (right claw)
Talismans
 c - a beast talisman (active)
 d - a flux talisman
Scrolls
 e - a scroll of enchant weapon {unknown}
 h - 3 scrolls of teleportation {unknown}
 l - 2 scrolls of identify {unknown}
 s - a scroll of immolation {unknown}
Potions
 b - a potion of lignification
 f - a potion of resistance {unknown}
 j - 2 potions of magic {unknown}
 m - a potion of attraction {unknown}
 n - a potion of haste {unknown}
 o - a potion of heal wounds {unknown}
 p - 2 potions of berserk rage {unknown}
 t - a potion of invisibility {unknown}


   Skills:
 + Level 1.2 Fighting
 + Level 2.5 Dodging
 + Level 0.2 Stealth
 + Level 4.8 Unarmed Combat
 * Level 4.6 Shapeshifting


You had 5 spell levels left.
You didn't know any spells.
Your spell library was empty.

Dungeon Overview and Level Annotations

Branches:
Dungeon (5/15)
 Temple: D:4-7

Altars:

Shops:
D:1 =


Innate Abilities, Weirdness & Mutations

You are a hulking beast.
Your limbs bulge with bestial killing power. (Slay +2)
You are too large for most types of armour.
You have claws for hands.
Your natural rate of healing is unusually fast.
You are covered in fur. (AC +1)
You have tough skin. (AC +1)


Message History

The orc priest looks encouraged for a moment.
The endoplasm hits you but does no damage.
An orc comes into view. It is wielding a +0 whip.
The orc hits you but does no damage. The orc barely misses you.
The endoplasm attacks as it pursues you!
The endoplasm barely misses you.
You bump into the rock wall.
The orc priest mumbles some strange prayers to Beogh against you.
Beogh smites you! The endoplasm freezes you.
You are frozen.
You resist. The orc barely misses you.
You feel less confused. The endoplasm freezes you.
You are frozen.
You resist. The orc closely misses you. The orc hits you but does no damage.
You see here 7 gold pieces.
You barely miss the orc.
The orc priest invokes the aid of Beogh against you.
Beogh smites you! The endoplasm hits you. The orc hits you with a +0 dagger.
* * * LOW HITPOINT WARNING * * *
The orc hits you but does no damage. The orc priest barely misses you.
The orc hits you with a +0 dagger.
* * * LOW HITPOINT WARNING * * *
You scratch the orc priest but do no damage.
The orc priest mumbles some strange prayers to Beogh against you.
Pain shoots through your body!
* * * LOW HITPOINT WARNING * * *
The orc hits you with a +0 short sword.
* * * LOW HITPOINT WARNING * * *
The orc closely misses you. The endoplasm barely misses you.
The orc priest closely misses you. The orc attacks as it pursues you!
The orc completely misses you. The orc priest barely misses you.
The orc throws a boomerang.
The boomerang hits you but does no damage.
The orc priest calls down the wrath of Beogh upon you.
Beogh smites you!
* * * LOW HITPOINT WARNING * * *
The orc throws a boomerang.
The boomerang hits you.
You die...

#......#....#..........
#...#.)#..............
.........oo...####..#
...##.........####..#
....#..J..#....#...#
........oo#.......#
..........#..#....#
............##...##
........h†).......#
..................#
........>........###
...................####
......................#
.......#............#....#
...................###...#
.........................##
........##.#..............##


You could see an orc priest, 3 orcs and an endoplasm.

Vanquished Creatures
  A phantom (D:5)
  A gnoll sergeant (D:4)
  A hound (D:5)
  An orc wizard (D:4)
  4 gnolls
  An adder (D:2)
  A ribbon worm (D:5)
  2 dart slugs
  3 orcs (D:4)
  7 ball pythons
  A bat (D:1)
  7 endoplasms
  5 goblins
  4 hobgoblins
  3 jackals (D:1)
  A kobold (D:2)
  A quokka (D:1)
  4 rats (D:1)
48 creatures vanquished.

Notes
Turn   | Place    | Note
-------+----------+-------------------------------------------
     0 | D:1      | lordive the Troll Shapeshifter began the quest for the Orb.
     0 | D:1      | Reached XP level 1. HP: 18/18 MP: 0/0
   228 | D:1      | Found a faded altar of an unknown god.
   249 | D:1      | Reached XP level 2. HP: 26/26 MP: 1/1
   281 | D:1      | Found Qyemih's One-of-a-Kind Rings.
   804 | D:2      | Reached XP level 3. HP: 32/32 MP: 2/2
  1102 | D:2      | You fall into a shaft and drop 2 floors!
  1151 | D:4      | Noticed a gnoll sergeant
  1151 | D:4      | Noticed a phantom
  1162 | D:5      | Entered Level 5 of the Dungeon
  1168 | D:5      | Reached XP level 4. HP: 19/40 MP: 3/3
  1220 | D:5      | Killed a phantom
  1221 | D:5      | Reached skill level 1 in Fighting
  1221 | D:5      | Reached XP level 5. HP: 28/48 MP: 4/4
  1323 | D:4      | Reached XP level 6. HP: 55/55 MP: 5/5
  1348 | D:4      | Hit by a boomerang thrown by an orc

Illustrated notes

Levels and vault maps discovered:
D:1:      minmay_arrival_arboretum_small, layout_loops_ring,
          basic_ecumenical_altar, nicolae_shop_unique_rings
D:2:      layout_basic
D:4:      layout_cave_pools, fedhas_altar_2
D:5:      layout_basic, minmay_temple_entry_poolview

Skill      XL: |  1  2  3  4 |
---------------+-------------+-----
Dodging        | 2 |  2.5
Shapeshifting  | 4 |  4.6
Fighting       | 1 |  1.2
Unarmed Combat | 4 |  4.8
Stealth        | |  0.2

Action                     |  1- 3 |  4- 6 || total
---------------------------+-------+-------++-------
  Melee: Unarmed           |    64 |    52 ||   116
         Punch             |       |     1 ||     1
Ability: Begin Untransform |       |     1 ||     1
 Armour: Animal skin       |    40 |    58 ||    98
  Dodge: Dodged            |    28 |    48 ||    76
   Form: Beast             |       |     1 ||     1
